 Dungeon Crawl Stone Soup version 0.31-a0-355-g57cb03d3e8 (webtiles) character file.

Game seed: 5222104587240441057

36529 bobarctor the Brawler (level 13, -7/123 HPs)
             Began as a Troll Berserker on July 24, 2023.
             Was an Elder of Trog.
             Mangled by a nine-headed hydra (15 damage)
             ... on level 5 of the Lair of Beasts on July 25, 2023.
             The game lasted 00:55:29 (14506 turns).

bobarctor the Brawler (Troll Berserker)            Turns: 14506, Time: 00:55:30

Health: -7/123     AC:  5    Str: 31    XL:     13   Next: 53%
Magic:  3/3        EV: 13    Int:  3    God:    Trog [****..]
Gold:   613        SH:  0    Dex: 13    Spells: 12/12 levels left

rFire   . .          .
                       - Unarmed
rCold   . . .        (no shield)
rNeg    + . .        y - +1 robe of Okawaru's Indignation {+Blink +Inv Will- SInv Archmagi}
rPois   +            (helmet restricted)
rElec   .            (no cloak)
rCorr   .            (gloves unavailable)
SInv    +            (boots unavailable)
Will    ++...        j - amulet "Odisiti" {Will+ Regen+}
Stlth   ++           v - ring of see invisible
HPRegen 3.00/turn    K - ring "Ybac" {rPois rN+ MP-9 Str+3 Stlth+}
MPRegen 0.08/turn

%: archmagi
@: strong-willed, on berserk cooldown, regenerating, slowed, very slow
A: large, unfitting armour, claws 3, regeneration 1, shaggy fur 1, tough skin 1
a: Renounce Religion, Evoke Blink, Evoke Invisibility, Berserk, Trog's Hand,
Brothers in Arms


You were on level 5 of the Lair of Beasts.
You worshipped Trog.
Trog was greatly pleased with you.
You visited 3 branches of the dungeon, and saw 16 of its levels.
You also visited: Gauntlet.

You collected 1071 gold pieces.
You spent 458 gold pieces at shops.

Inventory:

Missiles
 c - 35 poisoned darts (quivered)
 d - 176 stones
 o - 10 silver javelins
 r - a silver boomerang
Armour
 i - +2 pearl dragon scales
 y - the +1 robe of Okawaru's Indignation (worn) {+Blink +Inv Will- SInv Archmagi}
   (You found it on level 8 of the Dungeon)

   SInv:      It lets you see invisible.
   +Inv:      It lets you turn invisible.
   +Blink:    It lets you blink.
   Archmagi:  It increases the power of your magical spells.
   Will:      It decreases your willpower.
Jewellery
 j - the amulet "Odisiti" (around neck) {Will+ Regen+}
   (You found it in a Gauntlet)

   [amulet of regeneration]

   Regen:     It increases your rate of health regeneration.
   Will:      It increases your willpower.
 v - a ring of see invisible (left claw)
 K - the ring "Ybac" (right claw) {rPois rN+ MP-9 Str+3 Stlth+}
   (You bought it in a shop on level 3 of the Dungeon)

   [ring of positive energy]

   Str:       It affects your strength (+3).
   rPois:     It protects you from poison.
   rN:        It protects you from negative energy.
   MP:        It affects your magic capacity (-9).
   Stlth:     It makes you more stealthy.
 Q - a ring of willpower
Talismans
 b - a dragon-blood talisman
 H - a serpent talisman
 M - a maw talisman
Wands
 f - a wand of roots (42)
 l - a wand of light (6)
 q - a wand of mindburst (24)
 O - a wand of flame (7)
 R - a wand of paralysis (16)
 Y - a wand of polymorph (9)
Scrolls
 a - a scroll of enchant weapon
 s - 5 scrolls of teleportation
 t - 5 scrolls of enchant armour
 u - a scroll of acquirement {unknown}
 x - 2 scrolls of fog {unknown}
 C - 4 scrolls of blinking {unknown}
 D - a scroll of vulnerability {unknown}
 E - a scroll of fear {unknown}
 G - a scroll of silence {unknown}
 J - a scroll of torment {unknown}
 L - 7 scrolls of identify
 P - 3 scrolls of butterflies {unknown}
 S - a scroll of immolation {unknown}
 T - a scroll of noise {unknown}
Potions
 e - 3 potions of lignification
 g - 6 potions of heal wounds
 h - 2 potions of berserk rage
 k - a potion of cancellation
 m - 4 potions of curing
 n - 2 potions of enlightenment
 p - 2 potions of might
 w - a potion of invisibility
 z - a potion of magic
 A - 2 potions of degeneration {unknown}
 B - 3 potions of attraction
 F - 2 potions of brilliance {unknown}
 N - 2 potions of resistance {unknown}
 U - 2 potions of haste {unknown}
 X - a potion of mutation {unknown}
Miscellaneous
 I - a piece from Xom's chessboard (15/15)
 W - a phantom mirror


   Skills:
 + Level 6.8 Fighting
 + Level 2.2 Throwing
 + Level 8.8 Dodging
 + Level 17.9 Unarmed Combat
 + Level 1.3 Evocations
 * Level 6.8 Shapeshifting


You had 12 spell levels left.
You didn't know any spells.
Your spell library was empty.

Dungeon Overview and Level Annotations

Branches:
Dungeon (10/15)            Temple (1/1) D:7            Lair (5/5) D:10
  Swamp (0/4) Lair:2       Spider (0/4) Lair:3        Slime (0/5) Lair:4
    Orc (0/2) D:10        Gauntlet (visited)

Altars:
Ashenzari
Cheibriados
Dithmenos
Elyvilon
Fedhas
Gozag
Hepliaklqana
Kikubaaqudgha
Makhleb
Nemelex Xobeh
Okawaru
Qazlal
Ru
Sif Muna
Trog
Uskayaw
Vehumet
Wu Jian
Xom
Yredelemnul
Zin
The Shining One
Jiyva

Shops:
D:3 =   D:5 !   D:7 =   D:8 *

Annotations:
Lair:4 3 runed translucent doors, Newt's ghost, journeyman DrSh; Ocsitsuh's ghost, journeyman DgEE; Udghoil's ghost, journeyman SpHu


Innate Abilities, Weirdness & Mutations

You are too large for most types of armour.
You have claws for hands.
Your natural rate of healing is unusually fast.
You are covered in fur. (AC +1)
You have tough skin. (AC +1)


Message History

The eight-headed hydra bites you. The eight-headed hydra misses you.
The eight-headed hydra bites you!
A hell hound comes into view.
The hell hound barks!
The warg bites you!
* * * LOW HITPOINT WARNING * * *
The hell hound moves out of view.
Things that are here:
a wolf corpse; a black bear corpse; a hell hound corpse You feel a strong urge to attack something.
The warg misses you.
Okay, then.
You feel your anger nearly subside.
You are no longer berserk.
You are exhausted.
You feel yourself slow down.
Your ogre goes berserk!
The warg bites you!
* * * LOW HITPOINT WARNING * * *
The hell hound attacks as you move away!
The hell hound barely misses you.
Your ogre barely misses the hell hound.
The hell hound breathes flames at you. The blast of flame hits you!
* * * LOW HITPOINT WARNING * * *
Your ogre barely misses the hell hound.
The hell hound bites your ogre!
Your ogre barely misses the hell hound.
The hell hound closely misses your ogre.
Okay, then.
You claw one of the eight-headed hydra's heads off!
The seven-headed hydra grows two more!
You mangle the nine-headed hydra!!
The nine-headed hydra is heavily wounded.
The hell hound bites your ogre! x2
Your ogre hits the hell hound with a +0 giant club!!!
The hell hound dies!
Trog accepts your kill. The nine-headed hydra bites you!
* * * LOW HITPOINT WARNING * * *
The nine-headed hydra bites you!
* * * LOW HITPOINT WARNING * * *
The nine-headed hydra bites you!
You die...

..†........P######
.......P..P## P.........##
......P...#### ##
...P#....#...##########.#
...P#..P#.....#.#.#.##.#
#.....P#...."....††.#h#.hhh#
#.....###....#...Ohhhh#hhh....
#..#.## #####.#.@D#.h..#hh..##
...### #######..##..?.##
P...## #..# ###... .....##
...# h... ......# ...## .h.
......# ...## ..†..## [##
.†<..# ..†..#


You could see a nine-headed hydra, 2 polar bears, a warg, a hell hound, a black
bear and a friendly ogre (summoned, berserk).

Vanquished Creatures
  A minotaur (Gauntlet)
  The ghost of Lance11888 the Fighter, a journeyman DrNe of Vehumet (Lair:1)
  A great orb of eyes (Gauntlet)
  A hydra (Lair:2)
  2 catoblepae
  A boulder beetle (Lair:5)
  A two-headed ogre (D:8)
  The ghost of bmack86 the Cleaver, a novice MiFi of Okawaru (D:7)
  A skyshark (Lair:3)
  A bog body (Lair:2)
  Pikel (D:6)
  An ugly thing (Gauntlet)
  5 elephants
  3 black mambas
  An ice statue (Lair:1)
  Joseph (Lair:1)
  A gargoyle (Gauntlet)
  9 cane toads
  A rime drake (Lair:2)
  8 komodo dragons
  Psyche (D:8)
  2 trolls
  2 polar bears
  17 blink frogs
  4 slime creatures
  A shadow (D:10)
  4 wyverns
  3 basilisks
  28 yaks
  3 steam dragons
  2 wargs
  4 swamp worms (Lair:2)
  10 water moccasins
  3 hell hounds (Lair:5)
  8 orc warriors
  An ice beast (D:7)
  5 black bears
  5 centaurs
  23 wolves
  A lemure (D:6)
  A phantom (D:4)
  2 kobold brigands
  15 bullfrogs
  7 scorpions
  13 wights
  4 killer bees (D:10)
  An electric eel (Lair:2)
  6 howler monkeys (D:10)
  5 jellies
  A gnoll bouda (D:6)
  4 orc priests
  3 hounds
  2 sleepcaps
  2 iguanas
  Ijyb (D:3)
  17 orc wizards
  7 hell rats
  7 adders
  7 gnolls
  2 shadow imps (D:7)
  2 ufetubi (D:5)
  2 worms
  41 orcs
  8 ball pythons
  5 endoplasms
  2 giant cockroaches
  5 goblins
  7 hobgoblins
  6 jackals
  16 kobolds
  6 quokkas
  2 bats
  4 frilled lizards
  5 rats
387 creatures vanquished.

Vanquished Creatures (collateral kills)
  An elephant (Lair:1)
  A basilisk (Lair:1)
  A hell hound (Lair:5)
  A bullfrog (Lair:1)
4 creatures vanquished.

Grand Total: 391 creatures vanquished

Notes
Turn   | Place    | Note
-------+----------+-------------------------------------------
     0 | D:1      | bobarctor the Troll Berserker began the quest for the Orb.
     0 | D:1      | Reached XP level 1. HP: 22/22 MP: 0/0
   125 | D:1      | Reached XP level 2. HP: 29/29 MP: 1/1
   599 | D:1      | Found a faded altar of an unknown god.
   890 | D:2      | Reached ** piety under Trog
   891 | D:2      | Reached XP level 3. HP: 36/36 MP: 2/2
  1613 | D:3      | Reached skill level 4 in Unarmed Combat
  1647 | D:3      | Reached XP level 4. HP: 29/44 MP: 3/3
  1707 | D:3      | Noticed Ijyb
  1720 | D:3      | Killed Ijyb
  1721 | D:3      | Reached XP level 5. HP: 41/53 MP: 4/4
  2094 | D:3      | Found Ytufil's Jewellery Emporium.
  2281 | D:4      | Noticed a phantom
  2292 | D:4      | Killed a phantom
  2293 | D:4      | Reached skill level 5 in Unarmed Combat
  2312 | D:4      | Reached XP level 6. HP: 48/61 MP: 5/5
  2335 | D:4      | Noticed an orc warrior
  2354 | D:5      | Entered Level 5 of the Dungeon
  2429 | D:5      | Reached skill level 6 in Unarmed Combat
  2764 | D:4      | Reached *** piety under Trog
  2890 | D:4      | Killed an orc warrior
  2891 | D:4      | Reached XP level 7. HP: 31/67 MP: 6/6
  3069 | D:4      | Reached skill level 7 in Unarmed Combat
  3293 | D:5      | Found Viynnat's Distillery.
  3301 | D:5      | Bought a potion of heal wounds for 65 gold pieces
  3612 | D:5      | Reached XP level 8. HP: 78/78 MP: 7/7
  4019 | D:6      | Reached skill level 8 in Unarmed Combat
  4109 | D:6      | Noticed Pikel
  4130 | D:6      | Killed Pikel
  4131 | D:6      | Reached skill level 5 in Dodging
  4131 | D:6      | Reached skill level 9 in Unarmed Combat
  4747 | D:6      | Found a shimmering altar of Xom.
  4900 | D:6      | Reached XP level 9. HP: 85/85 MP: 8/8
  4961 | D:7      | Found Qaovaigi's Jewellery Shoppe.
  5106 | D:7      | Reached skill level 10 in Unarmed Combat
  5263 | D:7      | Found a staircase to the Ecumenical Temple.
  5283 | Temple   | Entered the Ecumenical Temple
  5615 | D:7      | Found a runed translucent gate.
  5615 | D:7      | Found a runed translucent gate.
  5615 | D:7      | Found a runed translucent gate.
  5616 | D:7      | Found an opulent altar of Gozag.
  5937 | D:7      | Noticed a troll
  5937 | D:7      | Noticed bmack86's ghost (novice MiFi)
  6096 | D:7      | Reached skill level 11 in Unarmed Combat
  6134 | D:7      | Killed a troll
  6183 | D:7      | Killed bmack86's ghost
  6295 | D:8      | Reached skill level 12 in Unarmed Combat
  6295 | D:8      | Reached XP level 10. HP: 94/94 MP: 9/9
  6370 | D:8      | Identified the +1 robe of Okawaru's Indignation {+Blink
                  | +Inv Will- SInv Archmagi}
  6390 | D:8      | Found Duedeemu's Assorted Antiques.
  6396 | D:8      | Bought a scroll labelled OGEKALOWKA for 23 gold pieces
  6396 | D:8      | Bought 3 scrolls labelled RUXTOHEISCH for 69 gold pieces
  6396 | D:8      | Bought a scroll labelled ZEIPAERYTS for 23 gold pieces
  6603 | D:8      | Noticed Psyche
  6609 | D:8      | Killed Psyche
  6610 | D:8      | Reached skill level 5 in Fighting
  7055 | D:8      | Noticed a two-headed ogre
  7064 | D:8      | Killed a two-headed ogre
  7065 | D:8      | Reached skill level 1 in Shapeshifting
  7293 | D:8      | Reached skill level 1 in Throwing
  7306 | D:8      | Reached skill level 13 in Unarmed Combat
  7449 | D:10     | Entered Level 10 of the Dungeon
  7475 | D:9      | Identified the +1 leather armour of the Black Moon {-Cast
                  | rElec Str+5 Dex+3}
  7881 | D:9      | Reached **** piety under Trog
  8642 | D:3      | Bought the ring "Ybac" {rPois rN+ MP-9 Str+3 Stlth+} for
                  | 278 gold pieces
  8937 | D:10     | Found a staircase to the Lair.
  8978 | D:10     | Reached XP level 11. HP: 65/104 MP: 1/10
  9068 | D:10     | Found a staircase to the Orcish Mines.
  9553 | Lair:1   | Entered Level 1 of the Lair of Beasts
  9553 | Lair:1   | Noticed a catoblepas
  9572 | Lair:1   | Killed a catoblepas
  9573 | Lair:1   | Reached skill level 14 in Unarmed Combat
  9805 | Lair:1   | Noticed Lance11888's ghost (journeyman DrNe)
  9895 | Lair:1   | Found a transporter.
  9907 | Lair:1   | Found a transporter.
  9912 | Lair:1   | Noticed Joseph
  9943 | Lair:1   | Killed Joseph
 10538 | Lair:1   | Killed Lance11888's ghost
 10555 | Lair:1   | Reached skill level 15 in Unarmed Combat
 10691 | Lair:2   | Found a gate leading to a gauntlet.
 10701 | Gauntlet | Entered a Gauntlet
 10701 | Gauntlet | Found a transporter.
 10701 | Gauntlet | Found a transporter.
 10701 | Gauntlet | Found a runed translucent door.
 10705 | Gauntlet | Noticed a soul eater
 10708 | Gauntlet | Found a transporter.
 10720 | Gauntlet | Found a transporter.
 10738 | Gauntlet | Found a transporter.
 10738 | Gauntlet | Found a transporter.
 10740 | Gauntlet | Found a transporter.
 10740 | Gauntlet | Found a transporter.
 10742 | Gauntlet | Found a transporter.
 10742 | Gauntlet | Noticed a great orb of eyes
 10749 | Gauntlet | Noticed a quicksilver ooze
 10752 | Gauntlet | Found a transporter.
 10768 | Gauntlet | Found a transporter.
 10775 | Gauntlet | Noticed a green ugly thing
 10778 | Gauntlet | Found a transporter.
 10781 | Gauntlet | Noticed a seven-headed hydra
 10783 | Gauntlet | Found a transporter.
 10809 | Gauntlet | Noticed a catoblepas
 10817 | Gauntlet | Found a transporter.
 10825 | Gauntlet | Found a runed translucent door.
 10961 | Gauntlet | Killed a catoblepas
 10962 | Gauntlet | Reached XP level 12. HP: 82/114 MP: 2/11
 10991 | Gauntlet | Identified the amulet "Odisiti" {Will+ Regen+}
 11007 | Gauntlet | Killed a great orb of eyes
 11097 | Gauntlet | Noticed a minotaur
 11109 | Gauntlet | Killed a minotaur
 11110 | Gauntlet | Reached skill level 5 in Shapeshifting
 11112 | Gauntlet | Identified the staff of the Unseen Realm {rPois rC+ Str+5
                  | Poison}
 11351 | Lair:2   | Reached skill level 16 in Unarmed Combat
 11436 | Lair:2   | Noticed a six-headed hydra
 11451 | Lair:2   | Killed an 11-headed hydra
 11664 | Lair:2   | Reached skill level 1 in Evocations
 12071 | Lair:2   | Found a staircase to the Swamp.
 12564 | Lair:3   | Found a hole to the Spider Nest.
 12586 | Lair:3   | Reached skill level 17 in Unarmed Combat
 12730 | Lair:3   | Reached XP level 13. HP: 109/122 MP: 3/12
 13150 | Lair:4   | Found a runed translucent gate.
 13151 | Lair:4   | Found a runed translucent gate.
 13331 | Lair:4   | Found a runed translucent gate.
 13414 | Lair:4   | Found a viscous altar of Jiyva.
 13419 | Lair:4   | Found a staircase to the Slime Pits.
 14066 | Lair:4   | Noticed Ocsitsuh's ghost (journeyman DgEE)
 14066 | Lair:4   | Noticed Udghoil's ghost (journeyman SpHu)
 14067 | Lair:4   | Noticed Newt's ghost (journeyman DrSh)
 14068 | Lair:4   | Found the +7 sceptre of Torment {pain, torment}
 14082 | Lair:5   | Entered Level 5 of the Lair of Beasts
 14470 | Lair:5   | Reached ***** piety under Trog
 14506 | Lair:5   | Mangled by a nine-headed hydra

Illustrated notes

Levels and vault maps discovered:
D:1:      minmay_arrival_semitransparent, layout_loops_ring,
          nicolae_ecumenical_lake_church, dreamdust_princess_corridor
D:2:      minmay_evil_eye, layout_loops_corners, minmay_strange_pillars
D:3:      layout_loops_ring, serial_shops, nicolae_shop_gaudy_bauble,
          minmay_splitting_lines, uniq_ijyb
D:4:      layout_basic, roderic_roman_lattice, nicolae_nh_ransacked_shop
D:5:      layout_loops_ring, serial_shops, shop, kennysheep_path_1
D:6:      layout_basic, dk_xom_monty_hall, serial_glass, glass_columns_b,
          glass_columns_a, glass_columns_a, glass_columns_b, glass_columns_c,
          glass_columns_b, glass_columns_c, glass_columns_a, uniq_pikel
D:7:      layout_basic, minmay_temple_entry_gardened_gates, serial_shops, shop,
          ebering_ghost_gozag, nicolae_figureground_sparkle
D:8:      layout_basic, serial_shops, nicolae_shop_rolling_square, uniq_psyche
D:9:      layout_stronghold
D:10:     layout_small_grid, lair_entry_dummy, david_orc_3
Temple:   roderic_octagonal_lattice_temple
Lair:1:   layout_regular_city, nzn_ghost_randoct, uniq_joseph
Lair:2:   layout_roguey, nicolae_swamp_entry_splash_gauntlet,
          gauntlet_entry_generic, grunt_megastairs_5
Lair:3:   layout_loops_ring, dummy_spider_entry
Lair:4:   layout_gridlike, dpeg_slime_entry_corner, gammafunk_ghost_cemetery
Lair:5:   hangedman_lair_tendril_chambers, layout_cave_pods,
          hangedman_lair_caniforms_friends

Skill      XL: |  1  2  3  4  5  6  7  8  9 10 11 12 |
---------------+-------------------------------------+-----
Unarmed Combat | 4 5 6 7 9 12 13 15 17 | 17.9
Dodging        | 3 4 5 6 7 8 |  8.8
Fighting       | 3 4 5 6 |  6.8
Shapeshifting  | 2 4 6 |  6.8
Throwing       | 1 2 |  2.2
Evocations     | 1 |  1.3

Action                     |  1- 3 |  4- 6 |  7- 9 | 10-12 | 13-15 || total
---------------------------+-------+-------+-------+-------+-------++-------
  Melee: Unarmed           |    76 |   137 |   233 |   534 |   182 ||  1162
         Punch             |     1 |     2 |     9 |    34 |    17 ||    63
  Throw: Dart              |       |       |     3 |     8 |       ||    11
 Invoke: Berserk           |     1 |     2 |     3 |    13 |     2 ||    21
         Trog's Hand       |       |     2 |     3 |    16 |     4 ||    25
         Brothers in Arms  |       |       |       |     1 |     1 ||     2
Ability: Evoke Blink       |       |       |       |     6 |       ||     6
  Evoke: Wand              |       |       |       |     1 |       ||     1
    Use: Scroll            |       |       |     7 |     7 |       ||    14
         Potion            |       |       |       |     1 |       ||     1
   Stab: Sleeping          |       |       |     1 |     2 |     1 ||     4
 Armour: Animal skin       |    17 |    37 |    40 |       |       ||    94
         Robe              |       |       |       |    89 |    36 ||   125
  Dodge: Dodged            |    24 |    78 |   102 |   283 |   119 ||   606

Table legend: (Time is in decaauts)
 A = Elapsed time spent in this place.
 B = Non-inter-level travel time spent in this place.
 C = Inter-level travel time spent in this place.
 D = Time resting spent in this place.
 E = Time spent auto-exploring this place.
 F = Levels seen in this place.
 G = Mean time per level.
                   A        B        C        D        E       F      G
               +--------+--------+--------+--------+--------+-----+--------+
         Total |  14457 |  13674 |    783 |   1227 |   9328 |  17 |  850.4 |
       Dungeon |   9531 |   8835 |    696 |    534 |   6572 |  10 |  953.1 |
        Temple |     11 |     11 |      0 |      0 |      0 |   1 |   11.0 |
          Lair |   4325 |   4238 |     87 |    574 |   2632 |   5 |  865.0 |
      Gauntlet |    589 |    589 |      0 |    118 |    123 |   1 |  589.0 |
               +--------+--------+--------+--------+--------+-----+--------+

Top non-repeatable levels by time:
     D:8: 1311 daAuts
     D:7: 1249 daAuts
     D:6: 1114 daAuts
  Lair:1: 1111 daAuts
  Lair:2: 1021 daAuts
     D:9: 1006 daAuts
     D:5: 972 daAuts
  Lair:4: 919 daAuts
     D:2: 911 daAuts
  Lair:3: 869 daAuts
     D:4: 829 daAuts
     D:3: 766 daAuts
    D:10: 703 daAuts
     D:1: 666 daAuts
Gauntlet: 589 daAuts
